 Dungeon Crawl Stone Soup version 0.27-a0-1272-g7c8ad2e407 (webtiles) character file.

Game seed: 3686477666783850779

653 DeathSun the Cudgeller (level 7, -2/44 HPs)
             Began as a Gargoyle Fighter on June 11, 2021.
             Killed from afar by an orc wizard (4 damage)
             ... with a puff of flame
             ... on level 3 of the Dungeon.
             The game lasted 00:07:35 (4293 turns).

DeathSun the Cudgeller (Gargoyle Fighter)           Turns: 4293, Time: 00:07:36

Health: -2/44      AC: 17    Str: 22    XL:     7   Next: 54%
Magic:  7/7        EV:  8    Int:  8    God:
Gold:   132        SH:  9    Dex:  9    Spells: 6/6 levels left

rFire    . . .     SeeInvis .   a - +0 flail
rCold    . . .     Faith    .   c - +0 kite shield
rNeg     + . .     Spirit   .   k - +0 plate armour
rPois    ∞         Reflect  .   (no helmet)
rElec    +         Harm     .   (no cloak)
rCorr    .         Rampage  .   (no gloves)
Will     .....                  g - +0 pair of boots
Stlth    ..........             (no amulet)
HPRegen  0.14/turn              j - +4 ring of evasion
MPRegen  0.10/turn              (no ring)

@: weak-willed
A: sickness immunity, AC +4, negative energy resistance 1, electricity
resistance, torment resistance 1, petrification resistance
a: no special abilities


You were on level 3 of the Dungeon.
You visited 1 branch of the dungeon, and saw 4 of its levels.
You also visited: Sewer.

You collected 132 gold pieces.

Inventory:

Hand Weapons
 a - a +0 flail (weapon)
 f - a +1 mace of holy wrath
Missiles
 o - a throwing net (quivered)
Armour
 b - a +0 scale mail
 c - a +0 kite shield (worn)
 g - a +0 pair of boots (worn)
 k - a +0 plate armour (worn)
Jewellery
 j - a +4 ring of evasion (left hand)
Scrolls
 e - 5 scrolls of enchant weapon {unknown}
 i - 4 scrolls of identify {unknown}
 p - a scroll of teleportation {unknown}
 q - a scroll of fear {unknown}
 r - a scroll of blinking {unknown}
Potions
 d - a potion of might
 h - a potion of brilliance {unknown}
 l - a potion of invisibility {unknown}
 m - a potion of ambrosia {unknown}
 s - a potion of magic {unknown}


   Skills:
 - Level 5.0 Fighting
 * Level 7.4 Maces & Flails
 - Level 3.2 Armour
 - Level 3.2 Shields


You had 6 spell levels left.
You didn't know any spells.
Your spell library was empty.

Dungeon Overview and Level Annotations

Branches:
Dungeon (4/15)              Sewer (visited)
 Temple: D:4-7

Altars:
Okawaru
Wu Jian

Shops:
D:2 [

Annotations:
D:3 Edmund


Innate Abilities, Weirdness & Mutations

You are immune to sickness and miasma.
Your stone body is resilient. (AC +4)
You are immune to poison.
You resist negative energy. (rN+)
You are resistant to electric shocks. (rElec)
You are resistant to unholy torment.
You are immune to petrification.


Message History

You hear some strange, mumbled words.
A puff of flame appears from out of thin air!
You block the puff of flame.
A magic dart appears from out of thin air!
The magic dart hits you!
* * * LOW HITPOINT WARNING * * *
Okay, then.
An orc wizard appears from thin air!
Reactivating autopickup.
The orc wizard points at you and mumbles some strange words.
The orc wizard casts a spell at you.
The magic dart hits you but does no damage.
There is a stone staircase leading down here.
You climb downwards. 3 jackals and Edmund come into view.
Edmund is wielding a +1 flail of draining.
Edmund shouts!
The jackal barks! x3
Found 12 gold pieces.
Found a stone staircase leading up.
There is a stone staircase leading up here.
Unknown command.
You block Edmund's attack.
You climb upwards.
The orc wizard casts a spell.
The orc wizard flickers and vanishes!
Deactivating autopickup; reactivate with Ctrl-A.
The orc wizard casts a spell at you.
The magic dart hits you but does no damage.
There is a stone staircase leading down here.
As you read the scroll labelled VIUKHE NONOCEYKAO, it crumbles to dust.
Magic quickly surges around you.
It was a scroll of vulnerability.
The orc wizard points at you and mumbles some strange words.
The puff of flame hits you!
* * * LOW HITPOINT WARNING * * *
You block Edmund's attack.
Unknown command.
You block Edmund's attack.
There is an escape hatch in the floor here.
A puff of flame appears from out of thin air!
The puff of flame hits you.
You die...

#...###..#.#..........
###.....##)...?....... #.
#.....###...)..).(.. #.
##.....##.#.....).(. #.
##...#.#..##..)..... #.
#...................
###.###$...........####...
#.......#.>@.......####...
#......#.@................
#.........#.............##
#......##.#...o....####.##
#...<..#..#........#......
#......#.##........#......
#......<.#......{.>...#.♣.
#..................#......
#..........#########..♣.♣.
#..........# #....._


You could see Edmund (weak-willed) and an orc wizard (weak-willed).

Vanquished Creatures
  5 kobold brigands (Sewer)
  A hound (D:1)
  An orc priest (D:3)
  An orc wizard (D:3)
  3 gnolls (D:3)
  6 adders
  3 river rats (Sewer)
  An ufetubus (D:3)
  6 worms
  7 orcs
  13 ball pythons
  3 bats
  14 endoplasms
  2 giant cockroaches
  3 goblins
  4 hobgoblins
  2 jackals (D:2)
  2 quokkas (D:1)
  3 frilled lizards
  7 kobolds
  7 rats
94 creatures vanquished.

Notes
Turn   | Place    | Note
-------+----------+-------------------------------------------
     0 | D:1      | DeathSun the Gargoyle Fighter began the quest for the Orb.
     0 | D:1      | Reached XP level 1. HP: 14/14 MP: 1/1
   375 | D:1      | Reached XP level 2. HP: 17/19 MP: 2/2
   805 | D:1      | Reached skill level 3 in Maces & Flails
  1118 | D:1      | Reached XP level 3. HP: 23/23 MP: 3/3
  1678 | D:1      | Reached XP level 4. HP: 22/29 MP: 4/4
  2037 | D:2      | Reached skill level 4 in Maces & Flails
  2132 | D:2      | Found Golem's Armour Shop.
  2573 | D:3      | Reached XP level 5. HP: 33/33 MP: 5/5
  2684 | D:3      | Found an iron altar of Okawaru.
  2735 | D:3      | Found a glowing drain.
  2770 | Sewer    | Entered a sewer
  2954 | Sewer    | Noticed a kobold brigand
  2983 | Sewer    | Killed a kobold brigand
  2984 | Sewer    | Reached skill level 5 in Maces & Flails
  2984 | Sewer    | Reached XP level 6. HP: 31/40 MP: 6/6
  3123 | Sewer    | Reached skill level 5 in Fighting
  3247 | Sewer    | Reached skill level 6 in Maces & Flails
  3261 | Sewer    | Reached XP level 7. HP: 31/44 MP: 7/7
  3779 | Sewer    | Reached skill level 7 in Maces & Flails
  4049 | D:3      | Found an ornate altar of the Wu Jian Council.
  4281 | D:4      | Noticed Edmund
  4284 | D:3      | HP: 1/44 [orc wizard/puff of flame (8)]
  4293 | D:3      | Killed from afar by an orc wizard

Illustrated notes

Levels and vault maps discovered:
D:1:      grunt_arrival_crossed_arrows, layout_basic, serial_co_window_serial,
          co_window_paths_a, co_window_of_opportunity_a, co_window_corner_a,
          co_window_paths_a, co_window_corner_a, co_window_paths_a,
          co_window_paths_a, co_window_cross_4, co_window_of_opportunity_b,
          co_window_corner_b, co_window_unsneaky_path_a, co_window_2corner,
          co_window_unsneaky_path_b, minmay_octomino_c4
D:2:      layout_loops_ring, serial_shops, shop
D:3:      layout_rooms, lemuel_tele_altar, okawaru_trees_1,
          portal_sewer_entry_d, glass_columns_a
D:4:      layout_cave_pools, minmay_temple_entry_arrows, uniq_edmund

Skill      XL: |  1  2  3  4  5  6  7 |
---------------+----------------------+-----
Maces & Flails | 3 4 5 6 7 |  7.4
Fighting       | 4 5 |  5.0
Armour         | |  3.2
Shields        | |  3.2

Action                   |  1- 3 |  4- 6 |  7- 9 || total
-------------------------+-------+-------+-------++-------
Melee: Flail             |    93 |   246 |   212 ||   551
  Use: Scroll            |       |       |     1 ||     1
Armor: Scale mail        |    43 |     7 |       ||    50
       Plate armour      |       |   150 |   123 ||   273
Dodge: Dodged            |    37 |    93 |    60 ||   190
Block: Kite shield       |    49 |   106 |   107 ||   262

Table legend: (Time is in decaauts)
 A = Elapsed time spent in this place.
 B = Non-inter-level travel time spent in this place.
 C = Inter-level travel time spent in this place.
 D = Time resting spent in this place.
 E = Time spent auto-exploring this place.
 F = Levels seen in this place.
 G = Mean time per level.
                   A        B        C        D        E       F      G
               +--------+--------+--------+--------+--------+-----+--------+
         Total |   4662 |   4588 |     74 |   1334 |   1907 |   5 |  932.4 |
       Dungeon |   3182 |   3108 |     74 |    866 |   1390 |   4 |  795.5 |
         Sewer |   1480 |   1480 |      0 |    468 |    517 |   1 | 1480.0 |
               +--------+--------+--------+--------+--------+-----+--------+

Top non-repeatable levels by time:
     D:1: 1775 daAuts
   Sewer: 1480 daAuts
     D:2: 836 daAuts
     D:3: 568 daAuts
     D:4: 1 daAuts
